 Dungeon Crawl Stone Soup version 0.29-a0-275-g389c0b56f3 (webtiles) character file.

Game seed: 6776774351804817591

1577 mopl the Twirler (level 8, 0/65 HPs)
             Began as a Palentonga Gladiator on Mar 9, 2022.
             Was a Follower of Okawaru.
             Slain by a gnoll
             ... wielding a +0 flail
              (6 damage)
             ... on level 5 of the Dungeon.
             The game lasted 00:05:52 (4897 turns).

mopl the Twirler (Palentonga Gladiator)             Turns: 4897, Time: 00:05:52

Health: 0/65       AC: 19    Str: 18    XL:     8   Next: 60%
Magic:  9/9        EV:  6    Int: 16    God:    Okawaru [*.....]
Gold:   279        SH:  0    Dex: 14    Spells: 7/7 levels left

rFire   . . .      SeeInvis +   a - +0 quarterstaff
rCold   . . .      Faith    .   (shield currently unavailable)
rNeg    . . .      Spirit   .   t - +0 chain mail
rPois   .          Reflect  .   c - +0 helmet
rElec   .          Harm     .   (no cloak)
rCorr   .          Rampage  .   s - +2 pair of gloves of the Ego {Str-5 Int+7}
Will    .....                   (no barding)
Stlth   ..........              (no amulet)
HPRegen 0.20/turn               g - +6 ring of strength
MPRegen 0.11/turn               p - +4 ring of slaying

@: curled up
A: large, rugged brown scales 3, see invisible, deformed body, roll 1, armoured
tail, reflexive curl
a: Rolling Charge, Renounce Religion, Heroism


You were on level 5 of the Dungeon.
You worshipped Okawaru.
Okawaru was aware of your devotion.
You visited 2 branches of the dungeon, and saw 6 of its levels.

You collected 459 gold pieces.
You spent 180 gold pieces at shops.

Inventory:

Hand Weapons
 a - a +0 quarterstaff (weapon)
Missiles
 d - 7 throwing nets
 e - a javelin (quivered)
 n - 6 poisoned darts
 v - 3 curare-tipped darts
 y - 2 boomerangs
 D - 5 silver javelins
Armour
 c - a +0 helmet (worn)
 s - the +2 pair of gloves of the Ego (worn) {Str-5 Int+7}
   (You bought it in a shop on level 2 of the Dungeon)

   Str:       It affects your strength (-5).
   Int:       It affects your intelligence (+7).
 t - a +0 chain mail (worn)
Magical Staves
 k - a staff of earth
Jewellery
 g - a +6 ring of strength (left hand)
 p - a +4 ring of slaying (right hand)
 z - a +6 ring of dexterity
 B - a ring of protection from cold
 C - a ring of flight
Wands
 E - a wand of iceblast (5)
Scrolls
 f - 2 scrolls of enchant armour {unknown}
 i - 3 scrolls of enchant weapon {unknown}
 j - 2 scrolls of silence {unknown}
 l - 2 scrolls of identify {unknown}
 o - 4 scrolls of teleportation {unknown}
 q - a scroll of holy word {unknown}
 u - 2 scrolls of vulnerability {unknown}
 x - 2 scrolls of blinking {unknown}
 F - a scroll of fear {unknown}
Potions
 b - 2 potions of lignification {!q}
 h - a potion of haste {unknown}
 m - 4 potions of might {unknown}
 r - 2 potions of curing {unknown}
 w - 2 potions of flight {unknown}
 A - a potion of attraction {unknown}
 G - a potion of invisibility {unknown}


   Skills:
 + Level 4.4 Fighting
 * Level 6.4 Staves
 + Level 3.3 Throwing
 + Level 3.0 Armour
 + Level 4.0 Dodging
 + Level 1.8 Invocations
 + Level 3.3 Evocations


You had 7 spell levels left.
You didn't know any spells.
Your spell library contained the following spells:

 Spells                   Type           Power      Damage    Failure   Level
 Sting                    Tmut/Pois      0%         1d3       98%         1
 Poisonous Vapours        Pois/Air       0%         N/A       99%         2
 Olgreb's Toxic Radiance  Pois           0%         N/A       100%        4


Dungeon Overview and Level Annotations

Branches:
Dungeon (5/15)             Temple (1/1) D:4

Altars:
Ashenzari
Nemelex Xobeh
Okawaru
Sif Muna

Shops:
D:2 [


Innate Abilities, Weirdness & Mutations

You are completely covered in rugged brown scales. (AC +3, +7% HP)
You have supernaturally acute eyesight. (SInv)
Armour fits poorly on your strangely shaped body.
You can roll at nearby foes to attack.
You have a long armoured tail.
You curl defensively after being hit. (AC +7*)


Message History

The adder attacks as you move away! The adder bites you but does no damage.
The adder barely misses you. The adder attacks as you move away!
The adder bites you but does no damage. The adder bites you but does no damage.
A gnoll comes into view. It is wielding a +0 club.
The adder attacks as you move away! The adder bites you but does no damage.
The adder bites you but does no damage.
You hit the adder.
The adder is heavily wounded.
The adder bites you.
You are poisoned.
The adder poisons you!
You sock the adder!
You kill the adder!
Okawaru accepts your kill.
You feel sick. The gnoll hits you but does no damage.
You feel sick.
You feel sick. The gnoll hits you with a +0 flail.
* * * LOW HITPOINT WARNING * * *
You feel sick.
You feel sick. The gnoll hits you but does no damage.
You feel sick.
You are no longer poisoned.
The gnoll attacks as you move away! The gnoll completely misses you.
The gnoll hits you with a +0 flail.
* * * LOW HITPOINT WARNING * * *
The gnoll hits you but does no damage.
You see here an adder skeleton.
The gnoll barely misses you. The gnoll hits you with a +0 flail.
* * * LOW HITPOINT WARNING * * *
The gnoll attacks as you move away! The gnoll hits you but does no damage.
The gnoll attacks as you move away! The gnoll completely misses you.
The gnoll hits you but does no damage.
The gnoll is no longer moving quickly.
The gnoll attacks as you move away! The gnoll barely misses you.
The gnoll attacks as you move away! The gnoll barely misses you.
The gnoll attacks as you move away! The gnoll hits you but does no damage.
The gnoll attacks as you move away! The gnoll hits you with a +0 flail.
You die...

# # # ######## # #......#
###### ### ###......#
.....# ##.# #........#
.g...# ##.## ##...<...#
..÷..# #.## ##......#
####g# ##.## ##g@.....# #
#.# ##.###........# #
#.######.#g##.###### #
#....g.g...##.# #
######......#÷# #.#..#.#.#
###.#...)..##
#.#####.#.##......########
..........####.##.........


You could see 2 gnolls.

Vanquished Creatures
  Pikel (D:4)
  Grinder (D:3)
  A hornet (D:4)
  Sigmund (D:3)
  A water moccasin (D:3)
  A black bear (D:5)
  An ogre (D:4)
  4 lemures
  A hound (D:4)
  A gnoll shaman (D:5)
  Natasha (thrice) (D:2)
  Terence (D:3)
  An orc wizard (D:3)
  Robin (D:4)
  4 adders
  4 gnolls
  A shadow imp (D:3)
  A worm (D:2)
  A dart slug (D:1)
  6 orcs
  4 ball pythons
  4 endoplasms
  A giant cockroach (D:4)
  11 goblins
  2 hobgoblins
  3 jackals (D:3)
  5 quokkas
  3 bats (D:3)
  2 frilled lizards (D:1)
  2 kobolds
  2 rats (D:1)
75 creatures vanquished.

Notes
Turn   | Place    | Note
-------+----------+-------------------------------------------
     0 | D:1      | mopl the Palentonga Gladiator began the quest for the Orb.
     0 | D:1      | Reached XP level 1. HP: 17/17 MP: 1/1
   207 | D:1      | Reached XP level 2. HP: 20/23 MP: 2/2
   892 | D:2      | Found Ydowas's Antique Armour Shoppe.
   900 | D:2      | Bought a pair of faintly humming gloves for 180 gold pieces
   900 | D:2      | Identified the +2 pair of gloves of the Ego {Str-5 Int+7}
                  | (You bought it in a shop on level 2 of the Dungeon)
   907 | D:2      | Noticed Natasha
   912 | D:2      | Killed Natasha
   913 | D:2      | Reached XP level 3. HP: 23/28 MP: 3/3
  1314 | D:2      | Noticed Natasha
  1322 | D:2      | Killed Natasha
  1323 | D:2      | Reached skill level 1 in Armour
  1323 | D:2      | Reached XP level 4. HP: 35/36 MP: 4/4
  1388 | D:2      | Noticed Natasha
  1393 | D:2      | Killed Natasha
  1394 | D:2      | Reached skill level 1 in Evocations
  1477 | D:3      | Noticed Terence
  1486 | D:3      | Killed Terence
  1599 | D:3      | Noticed Sigmund
  1609 | D:3      | Reached skill level 2 in Throwing
  1616 | D:3      | Killed Sigmund
  1617 | D:3      | Reached skill level 3 in Fighting
  1617 | D:3      | Reached skill level 4 in Staves
  1617 | D:3      | Reached skill level 3 in Dodging
  1617 | D:3      | Reached XP level 5. HP: 43/43 MP: 5/5
  1617 | D:3      | Reached XP level 6. HP: 50/50 MP: 6/6
  1648 | D:3      | Noticed Grinder
  1649 | D:3      | Paralysed by Grinder for 4 turns
  1691 | D:3      | Paralysed by Grinder for 7 turns
  1699 | D:3      | Killed Grinder
  1700 | D:3      | Reached skill level 2 in Armour
  1700 | D:3      | Reached skill level 2 in Evocations
  1923 | D:3      | Gained mutation: You curl defensively after being hit. (AC
                  | +7*) [Palentonga growth]
  1923 | D:3      | Reached XP level 7. HP: 51/55 MP: 7/7
  1945 | D:3      | Reached skill level 5 in Staves
  2277 | D:4      | Noticed a hornet
  2794 | D:4      | Killed a hornet
  3109 | D:4      | Noticed Robin
  3134 | D:4      | Killed Robin
  3466 | D:4      | Reached skill level 3 in Throwing
  3473 | D:4      | Found a staircase to the Ecumenical Temple.
  3490 | Temple   | Entered the Ecumenical Temple
  3527 | Temple   | Became a worshipper of Warmaster Okawaru
  3775 | D:4      | Noticed Pikel
  4054 | D:4      | Reached skill level 4 in Fighting
  4054 | D:4      | Reached XP level 8. HP: 61/64 MP: 8/8
  4278 | D:4      | Killed Pikel
  4278 | D:4      | Reached * piety under Okawaru
  4279 | D:4      | Reached skill level 6 in Staves
  4279 | D:4      | Reached skill level 1 in Invocations
  4279 | D:4      | Reached skill level 3 in Evocations
  4551 | D:5      | Entered Level 5 of the Dungeon
  4646 | D:5      | Reached skill level 3 in Armour
  4646 | D:5      | Reached skill level 4 in Dodging
  4897 | D:5      | Slain by a gnoll

Illustrated notes

Levels and vault maps discovered:
D:1:      ebering_hopf_link, layout_rooms
D:2:      layout_basic, serial_shops, shop, uniq_natasha
D:3:      layout_rooms, uniq_terence, uniq_grinder, uniq_sigmund
D:4:      layout_loops_ring, minmay_temple_entry_wispy, grunt_decor_arrowhead,
          uniq_pikel, uniq_robin
D:5:      layout_loops_cross, lexackson_kobold_supper, uniq_edmund
Temple:   mainiacjoe_temple_hex_bubbles

Skill      XL: |  1  2  3  4  5  6  7  8 |
---------------+-------------------------+-----
Armour         | 1 2 3 |  3.0
Evocations     | 1 2 3 |  3.3
Throwing       | 2 3 |  3.3
Fighting       | 3 4 |  4.4
Staves         | 4 5 6 |  6.4
Dodging        | 3 4 |  4.0
Invocations    | 1 |  1.8

Action                   |  1- 3 |  4- 6 |  7- 9 || total
-------------------------+-------+-------+-------++-------
Melee: Quarterstaff      |    45 |    40 |   169 ||   254
       Tailslap          |     5 |     1 |    18 ||    24
Throw: Dart              |       |     5 |       ||     5
       Javelin           |       |     1 |       ||     1
 Abil: Rolling Charge    |       |     1 |       ||     1
  Use: Potion            |       |       |     2 ||     2
Armor: Leather armour    |    11 |       |       ||    11
       Chain mail        |     6 |    21 |   106 ||   133
       Skin              |       |    24 |    18 ||    42
Dodge: Dodged            |    17 |     6 |    61 ||    84

Table legend: (Time is in decaauts)
 A = Elapsed time spent in this place.
 B = Non-inter-level travel time spent in this place.
 C = Inter-level travel time spent in this place.
 D = Time resting spent in this place.
 E = Time spent auto-exploring this place.
 F = Levels seen in this place.
 G = Mean time per level.
                   A        B        C        D        E       F      G
               +--------+--------+--------+--------+--------+-----+--------+
         Total |   4913 |   4744 |    169 |   1621 |   2310 |   6 |  818.8 |
       Dungeon |   4865 |   4696 |    169 |   1621 |   2292 |   5 |  973.0 |
        Temple |     47 |     47 |      0 |      0 |     18 |   1 |   47.0 |
               +--------+--------+--------+--------+--------+-----+--------+

Top non-repeatable levels by time:
     D:3: 1803 daAuts
     D:4: 1308 daAuts
     D:2: 1000 daAuts
     D:1: 407 daAuts
     D:5: 345 daAuts
  Temple: 47 daAuts
